[Event "Early-Titled-Tuesday-Blitz-May-14-2024"]
[Site "Chess.com"]
[Date "2024.05.14"]
[Round "11"]
[White "BardArtem"]
[Black "biveklama"]
[Result "0-1"]
[WhiteElo "2748"]
[BlackElo "2600"]
[TimeControl "180+1"]
[EndTime "10:09:07 PDT"]
[Termination "biveklama won by resignation"]

1. b3 d5 2. Bb2 Nf6 3. Nf3 Bg4 4. Ne5 Bf5 5. e3 e6 6. g4 Be4 7. f3 Bg6 8. h4 h5 9. Nxg6 fxg6 10. g5 Ng8 11. f4 Kf7 12. d3 Bb4+ 13. Kf2 Ne7 14. a3 Bd6 15. Nd2 Rf8 16. Bh3 Nbc6 17. Kg2 Nf5 18. Bxf5 exf5 19. Qf3 Ne7 20. Rhe1 Kg8 21.
c4 c6 22. b4 Qd7 23. c5 Bc7 24. Nb3 a6 25. Rad1 Kh7 26. Nd4 Rae8 27. Qf2 Nc8 28.
Nf3 Na7 29. Be5 Bd8 30. Qb2 Nb5 31. a4 Nc7 32. Rb1 Re6 33. Nd4 Ree8 34. b5 axb5 35.
axb5 Rxe5 36. fxe5 f4 37. Kh1 f3 38. e6 Nxe6 39. bxc6 bxc6 40. Qb7 Nc7 41. Kh2 Qg4 42. Qb2 Qxh4+ 43. Kg1 f2+ 44. Kg2 Qxg5+ 45. Kf1 fxe1=Q+ 46. Kxe1 Qg1+ 47. Kd2 Rf2+ 48. Kc3 Qg3 49. Qb8 Nb5+ 50. Nxb5 Qxb8 51. Na3 Qe5+ 52. Kb3 Qxe3 53. Ka4 Qxc5 54. Rb4 Ra2 55. Kb3 Rxa3+ 56. Kxa3 Be7 57. d4 Qxb4+ 58. Ka2 Qxd4 59. Kb3 Qe4 60.
Kc3 h4 61. Kd2 h3 62. Kc3 h2 63. Kd2 g5 64. Kc3 g4 65. Kd2 g3 66. Kc3 g2 67.
Kd2 g6 68. Kc3 0-1

[Event "Early-Titled-Tuesday-Blitz-May-14-2024"]
[Site "Chess.com"]
[Date "2024.05.14"]
[Round "11"]
[White "Herzog2012"]
[Black "NovoselovRoman"]
[Result "0-1"]
[WhiteElo "2569"]
[BlackElo "2661"]
[TimeControl "180+1"]
[EndTime "10:09:12 PDT"]
[Termination "NovoselovRoman won by resignation"]

1. e4 d5 2. exd5 Qxd5 3. Nc3 Qd6 4. d4 Nf6 5. Nf3 c6 6. Bc4 Bg4 7. h3 Bxf3 8. Qxf3 Qxd4 9. Bb3 Nbd7 10. Be3 Qb4 11.
O-O-O e6 12. g4 Be7 13. a3 Qa5 14. g5 Nd5 15. Ne4 Nxe3 16. fxe3 Nc5 17. Nxc5 Qxc5 18. h4 Rd8 19. Rxd8+ Bxd8 20. Rd1 Bb6 21. Rd3 O-O 22. Kd2 Qe5 23. c3 Qh2+ 24. Kc1 Qxh4 25. Rd7 Qxg5 26.
Kd2 Qg6 27. Rxb7 Rd8+ 28. Ke1 Qg1+ 29. Ke2 Qh2+ 30. Ke1 Qd2+ 31. Kf1 Qc1+ 32. Kg2 Rd2+ 33. Kh3 f5 34. Bxe6+ Kh8 35. Rb8+ Rd8 36. Rxd8+ Bxd8 37. Bxf5 Qxb2 38. Bd3 Bf6 39. Qxc6 g6 40. Qe8+ Kg7 41. Qd7+ Kh6 42. Qc7 Qxc3 43. Qxc3 Bxc3 44. Kg4 Kg7 45. a4 Kf6 46. Kf3 h5 47. Bc2 g5 48. Bd1 Ke5 49.
Kg3 Be1+ 50. Kg2 g4 51. Bc2 Bd2 52. Bg6 h4 53. Bh5 h3+ 54. Kh2 Kf5 55. Kg3 Be1+ 56. Kh2 Kg5 57. Be8 Kh4 58. Bd7 g3+ 59. Kg1 Bf2+ 60. Kf1 Bxe3 61. Bc6 Kg4 62. Ke2 g2 0-1

[Event "Early-Titled-Tuesday-Blitz-May-14-2024"]
[Site "Chess.com"]
[Date "2024.05.14"]
[Round "11"]
[White "briesmas"]
[Black "Manukyan_Artak"]
[Result "0-1"]
[WhiteElo "2381"]
[BlackElo "2563"]
[TimeControl "180+1"]
[EndTime "10:09:12 PDT"]
[Termination "Manukyan_Artak won on time"]

1. e4 g6 2. d4 Bg7 3. Nc3 c6 4. Be3 d5 5. e5 h5 6. f4 Bg4 7.
Nf3 Nh6 8. Bd3 Nf5 9. Bf2 e6 10. h3 Bxf3 11. Qxf3 h4 12. O-O-O b5 13. g4 hxg3 14.
Bxf5 gxf2 15. Bd3 Qh4 16. Rdf1 Nd7 17. Qxf2 Qxf2 18. Rxf2 Rh4 19. Rf3 O-O-O 20. Ne2 Rdh8 21. c3 Kb7 22. Kd2 Bh6 23. Ke1 a5 24. Kf2 Nb6 25. Kg3 Bf8 26. Rff1 R4h5 27. Ng1 Be7 28. Nf3 Na4 29.
Rh2 Bh4+ 30. Kg2 Nxb2 31. Be2 Nc4 32. Bxc4 dxc4 33. a3 Be7 34. Ra1 a4 35. Nd2 c5 36.
dxc5 Bxc5 37. Ne4 Be7 38. Rb1 Kc6 39. Rd1 g5 40. fxg5 Rh4 41. Rd4 Bxa3 42. Kg3 R4h5 43. h4 Bc5 44. Rd1 a3 45. Nf6 b4 46. cxb4 Bxb4 47. Kg4 R5h7 48. Nxh7 Rxh7 49. h5 Kb5 50.
Rc2 c3 51. g6 fxg6 52. hxg6 Rh8 53. Rd4 Ra8 54. Rd1 Kc4 55. Rdc1 Kb3 56. g7 Rg8 57. Kf4 Rxg7 58. Ke4 Rd7 59. Rh2 Rd2 60. Rb1+ Kc4 61. Rxd2 cxd2 62. Ke3 Bc3 0-1

[Event "Early-Titled-Tuesday-Blitz-May-14-2024"]
[Site "Chess.com"]
[Date "2024.05.14"]
[Round "11"]
[White "HajiyevKanan"]
[Black "stepanosinovsky"]
[Result "0-1"]
[WhiteElo "2454"]
[BlackElo "2336"]
[TimeControl "180+1"]
[EndTime "10:09:12 PDT"]
[Termination "stepanosinovsky won by checkmate"]

1. d4 Nf6 2. Nf3 g6 3. g3 Bg7 4. Bg2 O-O 5. O-O d6 6. b3 Nbd7 7. Bb2 e5 8. dxe5 Ng4 9. c4 dxe5 10. h3 Nh6 11. Nc3 f5 12. Ba3 Re8 13. e4 c6 14.
Re1 f4 15. g4 Qa5 16. Bb2 Nc5 17. Qc2 Nf7 18. a3 Qc7 19. Rad1 h5 20. g5 a5 21.
Kh2 Ne6 22. h4 Nd4 23. Rxd4 exd4 24. Ne2 d3 25. Qd2 dxe2 26. Bxg7 Kxg7 27. Qd4+ Ne5 28. Rxe2 Kf7 29. Rd2 Bg4 30. Nxe5+ Qxe5 31. Qxe5 Rxe5 32.
f3 Be6 33. Bf1 Ke7 34. Kg2 Rd8 35. Rb2 Rd1 36. Kf2 Ra1 37. a4 Rd1 38. Ke2 Rd8 39.
Ke1 Bc8 40. Be2 Re6 41. Rc2 Red6 42. c5 Rd4 43. Kf2 Be6 44. Rc3 Rd2 45. Ke1 Rb2 46.
Bd1 Rh2 47. Be2 Rxh4 48. e5 Rh1+ 49. Kf2 Rb1 50. Bd3 Rxb3 51. Rxb3 Bxb3 52. Bxg6 h4 53.
Bf5 Rd2+ 54. Kg1 Be6 55. Be4 h3 56. g6 Rd8 57. Kh2 Rh8 58. Bc2 Bd5 59. Bd1 Rg8 60. Bc2 Bxf3 61. Kxh3 Bh5 62. Kh4 Bxg6 63. Bd1 Bf7 64.
Bf3 Bd5 65. Bh5 f3 66. Bxf3 Bxf3 67. e6 Bd5 68. Kh5 Kxe6 69. Kh6 Kf6 70. Kh7 Rg4 71.
Kh6 Rf4 72. Kh5 Re4 73. Kh6 Rh4# 0-1

[Event "Early-Titled-Tuesday-Blitz-May-14-2024"]
[Site "Chess.com"]
[Date "2024.05.14"]
[Round "11"]
[White "Orest_Vovk"]
[Black "BelyakovBogdan"]
[Result "0-1"]
[WhiteElo "2647"]
[BlackElo "2607"]
[TimeControl "180+1"]
[EndTime "10:09:13 PDT"]
[Termination "BelyakovBogdan won by resignation"]

1. h4 d5 2. h5 e5 3. h6 Nxh6 4.
d4 Ng4 5. f3 Nf6 6. dxe5 Ng8 7.
e4 dxe4 8. Qxd8+ Kxd8 9. Nc3 Nc6 10. Bg5+ Be7 11. O-O-O+ Bd7 12. Bxe7+ Ngxe7 13. e6 fxe6 14. Nxe4 Nf5 15. Nc5 Nd6 16. Bc4 Ke7 17. Bd3 b6 18.
Nxd7 h6 19. Nxb6 axb6 20. a3 Ne5 21. Ne2 g5 22. Ng3 Ra4 23. Rhe1 Nxd3+ 24. Rxd3 Kf7 25. Rc3 Rc4 26. Rce3 Re8 27. b3 Rh4 28. Ne4 Nxe4 29. Rxe4 Rxe4 30. Rxe4 h5 31. Rc4 Re7 32. a4 c5 33. b4 Rc7 34. a5 bxa5 35. bxa5 Ke7 36. a6 Ra7 37. Ra4 Kd6 38. Kd2 Kc6 39. Kd3 Kb5 40.
Re4 Rxa6 41. Re5 Ra3+ 42. Kd2 g4 43. fxg4 hxg4 44. Rxe6 Rg3 45. Re2 Kc4 46. Ke1 Kd4 47.
Rd2+ Ke4 48. Kf2 Rc3 49. Re2+ Kf4 50. Rd2 g3+ 51. Ke2 Ke4 52. Kd1 Ra3 53. Ke2 Ra2 54.
c3 Ra3 55. Rc2 c4 56. Kd2 Ra1 57. Rb2 Rg1 58. Rb8 Rxg2+ 59. Ke1 Kd3 60. Kf1 Rf2+ 61. Kg1 Kxc3 62. Rg8 Rf3 63. Kg2 Rd3 64. Rb8 Kc2 65.
Rc8 c3 66. Ra8 Kd2 67. Ra2+ c2 68. Rb2 Kd1 69. Ra2 c1=Q 0-1

[Event "Early-Titled-Tuesday-Blitz-May-14-2024"]
[Site "Chess.com"]
[Date "2024.05.14"]
[Round "11"]
[White "laboratorio25"]
[Black "GambitGiesbergen"]
[Result "0-1"]
[WhiteElo "2528"]
[BlackElo "2356"]
[TimeControl "180+1"]
[EndTime "10:09:17 PDT"]
[Termination "GambitGiesbergen won on time"]

1. e4 e6 2. d4 d5 3. e5 c5 4. c3 Nc6 5. Nf3 Nge7 6. a3 c4 7. Nbd2 Bd7 8. Rb1 Na5 9. h4 Nc8 10. Be2 Nb6 11. O-O Ba4 12. Qe1 Bc2 13. Ra1 Qd7 14. Bd1 Bd3 15. Be2 Bc2 16. Bd1 Bxd1 17. Qxd1 O-O-O 18. a4 f6 19. b4 cxb3 20. Nxb3 Nxb3 21.
Qxb3 Nc4 22. Bf4 f5 23. a5 Be7 24. Rfb1 g6 25. Ng5 Bxg5 26. Bxg5 Rde8 27. Ra4 Rhf8 28. Qa2 Rf7 29. Rab4 Qc6 30. Rb5 Kb8 31. Rc5 Qd7 32. Rcb5 Rc8 33. Qb3 Ka8 34. Bf6 Rb8 35. Qa2 h6 36. Rc5 Rc8 37. Rcb5 a6 38. R5b4 Qc6 39. Qe2 Qc7 40. Qd1 Qxa5 41. Qc1 Qc7 42. Qxh6 Rh7 43.
Qxg6 Nd2 44. R1b2 Ne4 45. Rxb7 Qxb7 46. Rxb7 Rxb7 47. h5 Rb1+ 48. Kh2 Nxf2 49. h6 Ng4+ 50. Kg3 Rxc3+ 51. Kf4 Rf1+ 52. Kg5 Rg3 53. Qe8+ Kb7 54. Qd7+ Kb8 55. Qd6+ Kb7 56. Qb4+ Kc8 57. Qc5+ Kb7 0-1

[Event "Early-Titled-Tuesday-Blitz-May-14-2024"]
[Site "Chess.com"]
[Date "2024.05.14"]
[Round "11"]
[White "patzer-reloaded"]
[Black "teresin05"]
[Result "0-1"]
[WhiteElo "2388"]
[BlackElo "2284"]
[TimeControl "180+1"]
[EndTime "10:09:17 PDT"]
[Termination "teresin05 won on time"]

1. d3 d5 2. Nf3 Nf6 3. g3 Bg4 4. Bg2 c6 5. O-O e6 6. c4 Be7 7.
cxd5 exd5 8. h3 Bxf3 9. Bxf3 O-O 10. d4 Nbd7 11. Nc3 Re8 12. Bf4 Bf8 13. Qb3 Qb6 14. h4 Ne4 15. Qxb6 Nxb6 16. Nxe4 dxe4 17. Bg2 Rad8 18. e3 Nd5 19. a3 c5 20. dxc5 Bxc5 21. Rac1 Bb6 22. Rc4 f5 23. Bh3 Nxf4 24. gxf4 g6 25. h5 Rd2 26. b4 Red8 27. a4 a5 28. h6 Kf7 29. Rb1 Rd1+ 30. Rxd1 Rxd1+ 31. Bf1 Rd7 32. bxa5 Bxa5 33. Rc8 Bb4 34. Bc4+ Kf6 35. Rh8 Rc7 36. Bg8 Bf8 37. Bxh7 Bxh6 38. Bg8 Bg7 39. Rh7 Rc8 40. Bd5 b6 41. Kg2 Rd8 42. Bc6 Rc8 43.
Bb5 Rd8 44. Rh1 Rc8 45. Rd1 Bf8 46. Rd7 Bc5 47. Bc4 Rf8 48. Bd5 Bb4 49. Rb7 Bc5 50.
Kf1 g5 51. fxg5+ Kxg5 52. Rd7 Kf6 53. Ke2 Kg5 54. Rg7+ Kf6 55. Rb7 Ke5 56. Bc4 f4 57. exf4+ Rxf4 58. Kf1 Rxf2+ 59. Ke1 Rc2 60. Bb5 Kd4 61. Kd1 Rb2 62. Rd7+ Ke3 63. Rh7 Rb1+ 64. Kc2 Rg1 65. Rh3+ Kf4 66. Rh4+ Kf3 67. Rh3+ Kg4 68. Rc3 e3 0-1

[Event "Early-Titled-Tuesday-Blitz-May-14-2024"]
[Site "Chess.com"]
[Date "2024.05.14"]
[Round "11"]
[White "DACF2905"]
[Black "NCchamp"]
[Result "1/2-1/2"]
[WhiteElo "2419"]
[BlackElo "2314"]
[TimeControl "180+1"]
[EndTime "10:09:23 PDT"]
[Termination "Game drawn - insufficient material"]

1. e4 c6 2. d4 d5 3. exd5 cxd5 4. Bd3 Nc6 5. Ne2 Nf6 6. c3 g6 7. Bf4 Bf5 8. O-O e6 9. Ng3 Bxd3 10. Qxd3 Be7 11. Bh6 Qc7 12. h3 Rg8 13. Be3 a6 14. a4 Na5 15. Nd2 Rc8 16. Rfe1 Nc4 17. Rab1 Nd7 18. b3 Nxe3 19. Rxe3 Bg5 20. Rf3 h5 21.
Ngf1 Nb8 22. c4 Rd8 23. Re1 Kf8 24. c5 Kg7 25. b4 b6 26. Nb3 bxc5 27. bxc5 Nc6 28.
Qxa6 Ra8 29. Qe2 Rxa4 30. Rb1 Rb8 31. Rd3 Rab4 32. Qc2 Bf6 33. Rbd1 Qb7 34. Nfd2 Qb5 35. Qc3 Ra8 36. Re1 Raa4 37. g3 Nxd4 38. Nxd4 Rxd4 39. Rxd4 Bxd4 40. Qf3 Bxc5 41. Re2 Bd4 42. Nf1 Rb4 43. Kg2 Rb3 44. Ne3 Bxe3 45. Rxe3 Rxe3 46. Qxe3 Qb2 47.
h4 Qf6 48. Kh3 d4 49. Qe2 Qf5+ 50. Kg2 d3 51. Qe3 e5 52. f3 Qe6 53. Qxd3 Qc6 54. Qe3 f6 55. Qf2 Qd5 56. Kh2 Kh6 57. Kg2 Kg7 58. Kh2 f5 59. Kg2 e4 60. fxe4 fxe4 61.
Qe3 Qe5 62. Kf2 Kf6 63. Kg2 Qf5 64. Kh2 Qf3 65. Qb6+ Ke5 66. Qc7+ Kd5 67. Qd7+ Kc4 68. Qe6+ Kd3 69. Qxg6 Ke2 70. Qa6+ Kf2 71. Qa2+ Qe2 72. Qxe2+ Kxe2 73. g4 hxg4 74. h5 Kf3 75. h6 e3 76.
h7 e2 77. h8=Q g3+ 78. Kh3 e1=Q 79. Qf6+ Ke2 80. Qe5+ Kf2 81. Qxe1+ Kxe1 82. Kxg3 1/2-1/2

[Event "Early-Titled-Tuesday-Blitz-May-14-2024"]
[Site "Chess.com"]
[Date "2024.05.14"]
[Round "11"]
[White "Sofia_Blokhin"]
[Black "chesslh93"]
[Result "0-1"]
[WhiteElo "2249"]
[BlackElo "2335"]
[TimeControl "180+1"]
[EndTime "10:09:25 PDT"]
[Termination "chesslh93 won by resignation"]

1. d4 d5 2. c4 e6 3. Nc3 Nf6 4. Nf3 Be7 5. e3 O-O 6. Bd3 dxc4 7. Bxc4 c5 8. O-O Nc6 9. a3 a6 10. Ba2 b5 11. dxc5 Bxc5 12. Qe2 Bb7 13. b4 Be7 14.
Rd1 Qb6 15. Bb2 Rfd8 16. Rac1 Rxd1+ 17. Rxd1 Rd8 18. Rxd8+ Qxd8 19. h3 Nb8 20. Nd4 Nc6 21. Nxc6 Bxc6 22. Nb1 Bd5 23. Bxd5 Qxd5 24. Qd2 Qxd2 25.
Nxd2 Nd5 26. Nb3 Nb6 27. Na5 f6 28. Nc6 Bd6 29. Nd4 Kf7 30. Nb3 Nc4 31. Bc1 Ke8 32. Kf1 Kd7 33. Ke2 Kc6 34. Kd3 f5 35. f3 g6 36. Nd4+ Kd7 37. Kc3 Be5 38. a4 Bxd4+ 39. Kxd4 Kc6 40. a5 e5+ 41. Kd3 Kd5 42. e4+ Ke6 43.
Kc3 Kf6 44. Kd3 f4 45. Bd2 Kg5 46. Bc3 Kf6 47. Ke2 Ne3 48. Kd3 Nxg2 49. Ke2 Ne3 50. Kf2 Nc4 51. Ke2 Ke6 52. Be1 g5 53. Kd3 h5 54. Kc3 Ne3 55. Kd3 Ng2 56. Bf2 g4 57. fxg4 hxg4 58. hxg4 Kf6 59. Ke2 Kg5 60. Kf3 Ne3 61. Bxe3 fxe3 62. Kxe3 Kxg4 63. Kd3 Kf3 64.
Kd2 Kxe4 65. Ke2 Kd4 66. Kd2 Kc4 67. Ke3 Kxb4 68. Ke4 Kxa5 69. Kxe5 Kb4 0-1

[Event "Early-Titled-Tuesday-Blitz-May-14-2024"]
[Site "Chess.com"]
[Date "2024.05.14"]
[Round "11"]
[White "ChristopherYoo"]
[Black "ravengelic"]
[Result "1-0"]
[WhiteElo "3002"]
[BlackElo "2726"]
[TimeControl "180+1"]
[EndTime "10:09:28 PDT"]
[Termination "ChristopherYoo won by checkmate"]

1. d4 Nf6 2. Nf3 g6 3. g3 Bg7 4.
Bg2 O-O 5. O-O d6 6. c4 Nc6 7.
Nc3 e5 8. dxe5 Nxe5 9. Nxe5 dxe5 10. Bg5 Qxd1 11. Rfxd1 c6 12. Na4 Nd7 13. c5 Re8 14. e4 Nf8 15. Be3 Ne6 16. Bh3 Nd4 17. Bxc8 Raxc8 18. Kf1 Nc2 19. Rac1 Nxe3+ 20. fxe3 Re7 21. Rd3 f5 22. Nc3 f4 23. Rcd1 fxg3 24. hxg3 Rf8+ 25. Kg2 Ref7 26. R1d2 Bh6 27. Nd1 Rf1 28. Nf2 Re1 29. Ng4 Bg7 30. Nh2 Bh6 31. Ng4 Bg7 32. b4 h5 33. Nh2 Bh6 34. Nf3 Rxe3 35. Rxe3 Bxe3 36. Rd3 Bd4 37. Nxd4 Rd8 38. b5 Rxd4 39. bxc6 bxc6 40. Ra3 Rc4 41. Rxa7 Rxc5 42. Re7 Kf8 43. Rc7 Rc4 44. Kh3 g5 45. Rh7 g4+ 46. Kh4 Rxe4 47. Ra7 c5 48. Kxh5 c4 49. Rc7 Ke8 50. a4 Kd8 51.
Rc5 c3 52. a5 Ra4 53. Rxc3 Rxa5 54. Kxg4 Ke7 55. Rf3 Ke6 56. Rf8 e4 57. Kf4 Ra4 58.
Re8+ Kf7 59. Re5 Ra3 60. Rxe4 Ra6 61. Re5 Kg7 62. g4 Ra4+ 63. Kg5 Ra6 64. Re7+ Kf8 65. Rc7 Kg8 66. Kh5 Rb6 67. Rc5 Ra6 68. Rd5 Rb6 69. g5 Ra6 70. Rd1 Rb6 71. g6 Rb2 72. Rf1 Rh2+ 73.
Kg5 Ra2 74. Rf3 Ra1 75. Rh3 Rg1+ 76. Kh6 Rg2 77. Rh5 Rg1 78. Rc5 Rg2 79. Rc8# 1-0

[Event "Early-Titled-Tuesday-Blitz-May-14-2024"]
[Site "Chess.com"]
[Date "2024.05.14"]
[Round "11"]
[White "VirtualCoach"]
[Black "maracayo"]
[Result "1/2-1/2"]
[WhiteElo "2212"]
[BlackElo "2361"]
[TimeControl "180+1"]
[EndTime "10:09:30 PDT"]
[Termination "Game drawn - insufficient material"]

1. e4 d6 2. d4 Nf6 3. Nc3 c6 4. Be3 Qa5 5. Qd2 e5 6. f3 Be7 7. Nge2 O-O 8. g4 b5 9. h4 b4 10. Nb1 Bxg4 11. fxg4 Nxe4 12. Qd3 d5 13. Bg2 b3+ 14. Nd2 bxc2 15. Qxc2 exd4 16. Bxd4 Nxd2 17. Qxd2 Qd8 18. g5 Nd7 19. O-O Bc5 20. Qc3 Qb6 21. Rac1 Bxd4+ 22. Qxd4 Qa6 23. Nf4 Rab8 24. Nh5 Qb6 25.
Qxb6 Rxb6 26. Rc2 Re8 27. b3 a5 28. Rfc1 Ne5 29. Nf4 Kf8 30. Re2 Rb4 31. Rce1 Rxf4 32. Rxe5 Rxe5 33. Rxe5 Rxh4 34. Kf2 a4 35. Kg3 Rb4 36.
Re3 axb3 37. axb3 f6 38. gxf6 gxf6 39. Bh3 Kf7 40. Bd7 Rb6 41. Rc3 d4 42. Rd3 c5 43. Kf4 Ke7 44. Bf5 h6 45. Ke4 Kd6 46. Bh7 Rb8 47. Rh3 Re8+ 48. Kd3 Re7 49. Be4 Ke5 50. Rxh6 f5 51. Rh5 Rf7 52. Bf3 Kf4 53. Be2 Rb7 54. Kc4 Rb4+ 55. Kxc5 Rxb3 56. Kxd4 Rb4+ 57.
Bc4 Kg4 58. Rh7 f4 59. Rg7+ Kf3 60. Kd3 Rxc4 61. Kxc4 Ke2 62. Re7+ Kd2 63. Kd4 f3 64. Ke4 f2 65. Rf7 Ke2 66. Rxf2+ Kxf2 1/2-1/2

[Event "Early-Titled-Tuesday-Blitz-May-14-2024"]
[Site "Chess.com"]
[Date "2024.05.14"]
[Round "11"]
[White "JaloliddinIlkhomi"]
[Black "Zq1"]
[Result "1-0"]
[WhiteElo "2749"]
[BlackElo "2612"]
[TimeControl "180+1"]
[EndTime "10:09:34 PDT"]
[Termination "JaloliddinIlkhomi won on time"]

1. Nf3 Nf6 2. d4 e6 3. Bf4 b6 4.
e3 Bb7 5. Nbd2 Be7 6. h3 O-O 7. Bd3 c5 8. c3 cxd4 9. exd4 d6 10. Qe2 a6 11. a4 Nbd7 12. O-O Re8 13.
Ne4 Nxe4 14. Bxe4 Bxe4 15. Qxe4 Nf6 16. Qd3 Qd7 17. Rfe1 b5 18. axb5 axb5 19. Nd2 Qb7 20. Bg5 b4 21. c4 d5 22. Bxf6 Rxa1 23. Rxa1 dxc4 24. Nxc4 gxf6 25. Qg3+ Kh8 26. Nd6 Bxd6 27. Qxd6 Rg8 28. d5 Qxd5 29. Qxd5 exd5 30. Rd1 Rc8 31. Rd4 Rc4 32. Rd2 Kg7 33. Kh2 h5 34. Kg3 h4+ 35.
Kf3 Kg6 36. Rxd5 Rc2 37. Rd4 Rxb2 38. Rxh4 Rb3+ 39. Kf4 Rc3 40. Rg4+ Kh7 41. Kf5 Rc2 42. f3 b3 43. Rb4 Rxg2 44. Kxf6 Rg3 45. Rxb3 Rxh3 46.
Kxf7 Rh4 47. Rb6 Rf4+ 48. Rf6 Ra4 49. Re6 Rf4+ 50. Rf6 Ra4 51. Rf5 Kh6 52. f4 Ra7+ 53. Kf8 Ra8+ 54. Ke7 Ra7+ 55. Kf8 Ra8+ 56. Kf7 Ra7+ 57.
Ke6 Ra6+ 58. Ke5 Ra5+ 59. Ke4 Ra4+ 60. Kf3 Kg6 61. Rc5 Kf6 62. Rc6+ Kf5 63. Rc5+ Kf6 64. Kg4 Ra1 65. Rc6+ Kf7 66. Kg5 Ra5+ 67. f5 Ra1 68.
Rc7+ Kf8 69. Kg6 Rg1+ 70. Kf6 Kg8 71. Rc8+ Kh7 72. Kf7 Rf1 73. f6 Re1 74. Rc4 Rh1 75. Rg4 Rh2 76. Kf8 Rh3 77. f7 Rh1 78. Rg7+ 1-0

[Event "Early-Titled-Tuesday-Blitz-May-14-2024"]
[Site "Chess.com"]
[Date "2024.05.14"]
[Round "11"]
[White "czechbul17"]
[Black "baki83"]
[Result "1-0"]
[WhiteElo "2288"]
[BlackElo "2922"]
[TimeControl "180+1"]
[EndTime "10:09:39 PDT"]
[Termination "czechbul17 won by checkmate"]

1. d4 d5 2. c4 e6 3. Nf3 Nf6 4. g3 Be7 5. Bg2 O-O 6. O-O c6 7. Qc2 a5 8. Rd1 a4 9. Nc3 dxc4 10. Nxa4 Nbd7 11. Nc5 Nxc5 12. dxc5 Qa5 13. Qxc4 Qxc5 14. Qxc5 Bxc5 15. e3 Bb6 16. b3 Rd8 17. Rxd8+ Bxd8 18. Bb2 Kf8 19. a4 Be7 20. Ne5 Nd5 21. Nc4 Ra6 22. Ba3 Bxa3 23. Rxa3 Ke7 24. Bf1 b5 25. axb5 cxb5 26.
Rxa6 Bxa6 27. Na3 Nc3 28. f3 Kd6 29. b4 Kc6 30. Nc2 e5 31. Kf2 Bc8 32. Bd3 g6 33.
Ke1 Be6 34. Kd2 Nb1+ 35. Kc1 Nc3 36. Kd2 Na2 37. Na3 Nxb4 38. Bxb5+ Kc5 39. Be2 Bb3 40. Nb5 Be6 41. Nc3 f5 42. Na4+ Kd6 43. Nc3 Nc6 44. Nb5+ Kc5 45. Nc3 Bf7 46. Na4+ Kd6 47. f4 e4 48. Bf1 Bb3 49. Nb6 Na5 50. Kc3 Be6 51. Nc4+ Bxc4 52. Bxc4 Nc6 53. Bf7 Ke7 54.
Bd5 Nb8 55. Kd4 Nd7 56. Bc6 Nf6 57. h3 Kd6 58. Bb7 h5 59. Ba8 Nd7 60. Bd5 Ke7 61.
Bc6 Nf8 62. Ke5 Ne6 63. Be8 Nf8 64. Bxg6 Nxg6+ 65. Kxf5 Kf7 66. Kxe4 Kf6 67. Kd4 Kf5 68. e4+ Kf6 69. Ke3 Ne7 70. g4 h4 71. e5+ Ke6 72.
Ke4 Nc6 73. f5+ Ke7 74. g5 Kf7 75. f6 Kg6 76. e6 Kxg5 77. f7 Nd8 78. f8=Q Nxe6 79. Qf5+ Kh6 80. Qxe6+ Kg5 81. Qg4+ Kh6 82. Kf5 Kh7 83. Kf6 Kh6 84. Qg6# 1-0

[Event "Early-Titled-Tuesday-Blitz-May-14-2024"]
[Site "Chess.com"]
[Date "2024.05.14"]
[Round "11"]
[White "urano56"]
[Black "Nikita_Klepikov"]
[Result "0-1"]
[WhiteElo "2418"]
[BlackElo "2330"]
[TimeControl "180+1"]
[EndTime "10:09:40 PDT"]
[Termination "Nikita_Klepikov won by resignation"]

1. e4 c5 2. Nf3 Nc6 3. d4 cxd4 4. Nxd4 g6 5. Nc3 Bg7 6. Be3 Nf6 7. Be2 O-O 8. f4 d6 9. g4 Nxd4 10. Bxd4 e5 11. Be3 Nxg4 12. Bxg4 Qh4+ 13. Bf2 Qxg4 14.
Qxg4 Bxg4 15. Rg1 Bh5 16. f5 Rfc8 17. Be3 Rc6 18. Kd2 f6 19. Nd5 Kf7 20. Raf1 Rac8 21.
c3 g5 22. Rg3 Kf8 23. Rh3 Bg4 24.
Rxh7 Kg8 25. Rxg7+ Kxg7 26. Ne7 a6 27. Nxc8 Rxc8 28. h4 Kh6 29. hxg5+ fxg5 30. Rg1 Bf3 31. Rxg5 Kh7 32. f6 Bxe4 33. Rg7+ Kh8 34. Bg5 Rg8 35.
f7 Kxg7 36. fxg8=Q+ Kxg8 37. Be7 d5 38. Bf6 Kf7 39.
Bxe5 Ke6 40. Bg7 Bb1 41. a4 Ba2 42. Ke3 a5 43. Bd4 Bb3 44. Bb6 Bxa4 45. Bxa5 Bb5 46. Kd4 Bc6 47. Kc5 Ke5 48. b4 Ke4 49. b5 Bd7 50. Kb6 Kd3 51. Kc5 Be8 52. Bb4 Kc2 53. Ba5 Kb3 54. Bb4 Ka4 55. b6 Bc6 56. Kd6 Kb3 57. Kc7 Kc4 58. Kd6 d4 59. cxd4 Kxb4 60. d5 Bxd5 61. Kxd5 Kb5 62. Kd4 Kxb6 63. Kc4 Kc6 64.
Kb4 Kb6 65. Kc4 Ka5 66. Kb3 Kb5 67. Kc3 Ka4 68. Kc4 b5+ 69. Kc3 Ka3 70. Kc2 b4 71.
Kc1 Ka2 72. Kc2 b3+ 73. Kc3 b2 74. Kd4 0-1

[Event "Early-Titled-Tuesday-Blitz-May-14-2024"]
[Site "Chess.com"]
[Date "2024.05.14"]
[Round "11"]
[White "bubeliang"]
[Black "Artemiki"]
[Result "1/2-1/2"]
[WhiteElo "2808"]
[BlackElo "2622"]
[TimeControl "180+1"]
[EndTime "10:09:48 PDT"]
[Termination "Game drawn by repetition"]

1. b3 Nf6 2. Bb2 e6 3. e3 Be7 4. Nf3 O-O 5. Be2 d5 6. O-O c5 7. d4 Nc6 8. c4 b6 9. Ne5 Bb7 10. Bf3 Nxe5 11. dxe5 Ne4 12. Bxe4 dxe4 13. Nc3 Qb8 14.
Nb5 Rd8 15. Qg4 g6 16. Rad1 h5 17. Qg3 h4 18. Qg4 Rd3 19. Nd6 Bxd6 20. exd6 Qxd6 21. Qxh4 e5 22. Rde1 Re8 23. Ba1 Qe7 24. Qg3 Kg7 25.
h4 f6 26. h5 g5 27. Qh3 Qe6 28. g4 Bc8 29. Kg2 Qxg4+ 30. Qxg4 Bxg4 31. Kg3 Bxh5 32. Rh1 Bg6 33. Rh2 Rd2 34. a4 Ra2 35. Rb1 Rd2 36.
Bc3 Rd3 37. Rc1 Red8 38. a5 R8d7 39. Rhh1 Bf5 40. Kg2 Bg4 41. Kg3 Bf5 42. Rhg1 Bg6 43. axb6 axb6 44. b4 Bf5 45. bxc5 bxc5 46. Ba5 Be6 47. Bb6 Rb3 48. Bxc5 Rb2 49. Ba3 Ra2 50. Bb4 Rb2 51. Bc3 Ra2 52. c5 Bc4 53. Bb4 Bb5 54. Rgd1 Rxd1 55. Rxd1 Rc2 56. Rd6 f5 57. Rd5 f4+ 58. Kg4 Rxf2 59. Rxe5 fxe3 60. Rxg5+ Kf7 61. Re5 Bc6 62. Rf5+ Rxf5 63. Kxf5 e2 64. Ke5 Ke7 65. Be1 Kd7 66. Bh4 Bb7 67. Kd4 Bc6 68. Be1 Ke6 69.
Ke3 Bb5 70. Kxe4 Bc6+ 71. Kd4 Bb5 72. Bd2 Kd7 73. Kd5 Bc6+ 74. Ke5 Bb5 75. Be1 Kc6 76. Kd4 Ba6 77. Bf2 Bb5 78. Kc3 Ba6 79. Kb4 Bb5 80. Be1 Ba6 81. Kc3 Bb5 82. Kd4 Ba6 83. Ba5 Bb5 84. Ke3 Ba6 85. Kf2 Bb5 86. Bb6 Ba6 87.
Ke1 Bb5 88. Kd2 Ba6 89. Ke1 Bb5 90. Kd2 Ba6 91. Ke1 1/2-1/2

[Event "Early-Titled-Tuesday-Blitz-May-14-2024"]
[Site "Chess.com"]
[Date "2024.05.14"]
[Round "11"]
[White "ketster"]
[Black "rollercoaster29"]
[Result "0-1"]
[WhiteElo "2620"]
[BlackElo "2468"]
[TimeControl "180+1"]
[EndTime "10:09:48 PDT"]
[Termination "rollercoaster29 won on time"]

1. Nf3 Nf6 2. c4 g6 3. Nc3 Bg7 4. e4 d6 5. d4 O-O 6. Be2 e5 7.
O-O Nc6 8. d5 Ne7 9. Ne1 Nd7 10. Nd3 f5 11. f3 f4 12. b4 g5 13.
c5 h5 14. a4 Nf6 15. Nf2 Rf7 16. Kh1 Bf8 17. Rg1 Rg7 18. g3 Ng6 19. gxf4 Nxf4 20. Bxf4 exf4 21. Qd2 Nd7 22. h4 Be7 23. Nh3 Qf8 24.
cxd6 Bxd6 25. Rxg5 Rxg5 26. Nxg5 Ne5 27. Rg1 Kh8 28.
Nb5 Bxb4 29. Qb2 Bd6 30. Rc1 Qe7 31. Qc3 Bd7 32. Nd4 Rc8 33. Nde6 Qf6 34. Qd4 b6 35. Kg2 Rg8 36. Kh1 Rg6 37. Rg1 Bxe6 38. dxe6 Bc5 39. Qxe5 Bxg1 40. Nf7+ Kg7 41. Qxf6+ Kxf6 42. Ng5 Bc5 43. Bc4 Ke7 44. Bd5 Kd6 45. Kg2 c6 46. Bc4 Ke7 47. Kf1 b5 48. axb5 cxb5 49. Bd5 a5 50.
Nf7 a4 51. Ne5 Rxe6 52. Bxe6 Kxe6 53. Nd3 Bd6 54. Ke2 b4 55. Kd2 b3 56. Kc3 Be5+ 57.
Kb4 b2 58. Nxb2 Bxb2 59. Kxa4 Kd6 60. Kb3 Be5 61. Kc4 Kc6 62. Kb4 Bg7 63. Kc4 Bf6 64.
Kd3 Bxh4 65. Kd4 Bg3 66. e5 h4 67. Ke4 h3 68. Kf5 h2 69. e6 h1=Q 70. Kf6 Qh8+ 71. Kf7 Kd6 72. e7 Qh7+ 73. Kf8 Qxe7+ 74. Kg8 Ke6 75. Kh8 Kf6 0-1

[Event "Early-Titled-Tuesday-Blitz-May-14-2024"]
[Site "Chess.com"]
[Date "2024.05.14"]
[Round "11"]
[White "NikitaShnadrygin"]
[Black "PeshkaCh"]
[Result "1/2-1/2"]
[WhiteElo "2754"]
[BlackElo "2862"]
[TimeControl "180+1"]
[EndTime "10:09:49 PDT"]
[Termination "Game drawn - insufficient material"]

1. e4 e5 2. Nf3 Nc6 3. Bb5 a6 4. Ba4 Nge7 5. O-O Ng6 6. c3 d5 7.
d4 Bg4 8. h3 Be6 9. exd5 Bxd5 10. Nxe5 Nxe5 11. dxe5 b5 12. Bb3 Bxb3 13. axb3 Qxd1 14.
Rxd1 Nxe5 15. Bf4 f6 16. Bxe5 fxe5 17. Nd2 Bd6 18. Ne4 Ke7 19. b4 Rhd8 20. f3 c6 21. Kf2 Bc7 22. Ke2 Rxd1 23. Kxd1 a5 24. bxa5 Rxa5 25.
Rxa5 Bxa5 26. Ke2 Bb6 27. Kd3 h6 28. b4 Ke6 29. c4 bxc4+ 30. Kxc4 Kf5 31. g3 Ke6 32.
Nc5+ Kd6 33. Nd3 Ba7 34. Nc1 Bf2 35. Ne2 Ke6 36. g4 Kf6 37. Nc3 Ba7 38. Ne4+ Ke6 39. Kd3 Kd5 40. Nc3+ Ke6 41. Ke4 Bf2 42. Na4 Kd6 43.
Nb2 Bd4 44. Nc4+ Ke6 45. Na5 Kd7 46. Nc4 Ke6 47. f4 Bc3 48. Nxe5 Bxb4 49. Nxc6 Bd6 50.
Nd4+ Kf6 51. Nf5 Bc7 52. h4 Bb8 53. g5+ hxg5 54. hxg5+ Kf7 55. Ne3 g6 56. Ng4 Ba7 57. Ne5+ Kg7 58. Nf3 Bb6 59. Nd4 Ba5 60. Kd5 Bd2 61.
Ke4 Bc1 62. Ne6+ Kf7 63. Nd4 Kg7 64. Nc6 Bd2 65. Ne5 Bc1 66. Nf3 Kf7 67. Ke5 Kg7 68.
Nd4 Kf7 69. Ne6 Bb2+ 70. Kd5 Bc1 71. Nd8+ Ke7 72. Nc6+ Kf7 73. Ke4 Kg7 74. Ne7 Bd2 75. Nd5 Bc1 76. Ne3 Kf7 77. Ng4 Kg7 78. Ne5 Bd2 79. Nxg6 Kxg6 80. f5+ Kxg5 81. f6 Kxf6 1/2-1/2